| TOP OF THE 1ST |
|
New Jersey Devils batting - Pitching for Canton Indians : RHP Howard Allen
|
|
Pitching: RHP Howard Allen
|
|
|
Batting: RHB Larry Shoop
|
0-0: SINGLE (Line Drive, 8LS, EV 112.5 MPH)
|
|
Batting: LHB Bayesa Mundhir
|
0-0: Ball 1-0: Foul Ball, location: 2F 1-1: SINGLE (Line Drive, 6D, EV 107.5 MPH) Larry Shoop to second
|
|
Batting: RHB Bobby Coulombe
|
0-0: Ball 1-0: Ball 2-0: Called Strike 2-1: Foul Ball, location: 2F 2-2: Strikes out looking
|
|
Batting: RHB Gang-sheng Chew
|
0-0: Fly out, F8 (Flyball, 8LXD, EV 110.0 MPH) Runner from 2nd tags up, SAFE at 3rd, no throw by CF
|
|
Batting: RHB Chris Artz
|
0-0: Ball 1-0: Ball 2-0: Foul Ball, location: 2F 2-1: Foul Ball, location: 2F 2-2: Strikes out looking
|
| Top of the 1st over - 0 runs, 2 hits, 0 errors, 2 left on base; New Jersey 0 - Canton 0 |
| BOTTOM OF THE 1ST |
|
Canton Indians batting - Pitching for New Jersey Devils : RHP Jason Jones
|
|
Pitching: RHP Jason Jones
|
|
|
Batting: RHB Kenzo Shinoda
|
0-0: Foul Ball, location: 2F 0-1: DOUBLE (Line Drive, 89M, EV 103.1 MPH)
|
|
Batting: LHB Costodio Varino
|
0-0: Swinging Strike 0-1: Ball 1-1: Foul Ball, location: 2F 1-2: Foul Ball, location: 2F 1-2: Ball 2-2: Ball 3-2: Foul Ball, location: 2F 3-2: SINGLE (Groundball, 34D, EV 107.5 MPH) Kenzo Shinoda to third Runner from 3rd tries for Home, SAFE, throw by RF to home
|
|
Batting: RHB Carlos Abrego
|
0-0: Called Strike 0-1: Ball 1-1: Ball 2-1: Foul Ball, location: 2F 2-2: Ball 3-2: Base on Balls Costodio Varino to second
|
|
Batting: LHB Dave Key
|
0-0: Swinging Strike 0-1: Swinging Strike 0-2: Strikes out swinging
|
|
Batting: LHB Shane Montalvo
|
0-0: Ball 1-0: Foul Ball, location: 2F 1-1: Foul Ball, location: 2F 1-2: Ball 2-2: Ball 3-2: 3-RUN HOME RUN (Flyball, 9LD, EV 96.3 MPH), Distance : 352 ft
|
|
Batting: RHB Kevin Trull
|
0-0: Foul Ball, location: 2F 0-1: Called Strike 0-2: Ball 1-2: Fly out, F8 (Line Drive, 8LM, EV 91.3 MPH)
|
|
Batting: RHB John Bianconi
|
0-0: Called Strike 0-1: Ball 1-1: Called Strike 1-2: Foul Ball, location: 2F 1-2: Ball 2-2: Strikes out looking
|
| Bottom of the 1st over - 4 runs, 3 hits, 0 errors, 0 left on base; New Jersey 0 - Canton 4 |
| TOP OF THE 2ND |
|
New Jersey Devils batting - Pitching for Canton Indians : RHP Howard Allen
|
|
Batting: LHB Matt Baker
|
0-0: Ball 1-0: Ball 2-0: Called Strike 2-1: Fly out, F3 (Line Drive, 3, EV 74.4 MPH)
|
|
Batting: RHB Brian Bonin
|
0-0: Called Strike 0-1: Foul Ball, location: 2F 0-2: Strikes out swinging
|
|
Batting: SHB Jerry Burrows
|
0-0: Ball 1-0: Called Strike 1-1: Ball 2-1: Ball 3-1: Base on Balls
|
|
Batting: RHB Mike Hanks
|
0-0: Ball 1-0: Swinging Strike 1-1: Foul Ball, location: 2F 1-2: Strikes out swinging
|
| Top of the 2nd over - 0 runs, 0 hits, 0 errors, 1 left on base; New Jersey 0 - Canton 4 |
| BOTTOM OF THE 2ND |
|
Canton Indians batting - Pitching for New Jersey Devils : RHP Jason Jones
|
|
Batting: RHB Eric Kuck
|
0-0: Called Strike 0-1: Called Strike 0-2: Ball 1-2: Foul Ball, location: 2F 1-2: Foul Ball, location: 2F 1-2: Foul Ball, location: 2F 1-2: Ball 2-2: Foul Ball, location: 2F 2-2: Foul Ball, location: 2F 2-2: Strikes out swinging
|
|
Batting: LHB Rich Walker
|
0-0: Ball 1-0: SOLO HOME RUN (Flyball, 89XD, EV 115.0 MPH), Distance : 419 ft
|
|
Batting: RHB Kenzo Shinoda
|
0-0: Called Strike 0-1: Ball 1-1: Fly out, F7 (Flyball, 78S, EV 73.1 MPH)
|
|
Batting: LHB Costodio Varino
|
0-0: Ball 1-0: Fly out, F7 (Flyball, 78S, EV 86.3 MPH)
|
| Bottom of the 2nd over - 1 run, 1 hit, 0 errors, 0 left on base; New Jersey 0 - Canton 5 |
| TOP OF THE 3RD |
|
New Jersey Devils batting - Pitching for Canton Indians : RHP Howard Allen
|
|
Batting: RHB Larry Shoop
|
0-0: Swinging Strike 0-1: Ball 1-1: Ball 2-1: Foul Ball, location: 2F 2-2: Ball 3-2: Base on Balls
|
|
Batting: LHB Bayesa Mundhir
|
0-0: Foul Ball, location: 2F 0-1: Ball 1-1: Called Strike 1-2: Foul Ball, location: 2F 1-2: Ball 2-2: Foul Ball, location: 2F 2-2: Ball 3-2: Foul Ball, location: 2F 3-2: Fly out, F9 (Flyball, 89M, EV 97.5 MPH)
|
|
Batting: RHB Bobby Coulombe
|
0-0: Ball Larry Shoop steals 2nd base 1-0: Foul Ball, location: 2F 1-1: Ground out 6-3 (Groundball, 6, EV 76.3 MPH) Larry Shoop to third
|
|
Batting: RHB Gang-sheng Chew
|
0-0: Ball 1-0: 2-RUN HOME RUN (Flyball, 7D, EV 101.3 MPH), Distance : 395 ft
|
|
Batting: RHB Chris Artz
|
0-0: Ball 1-0: Swinging Strike 1-1: Swinging Strike 1-2: Foul Ball, location: 2F 1-2: Foul Ball, location: 2F 1-2: Ball 2-2: Strikes out swinging
|
| Top of the 3rd over - 2 runs, 1 hit, 0 errors, 0 left on base; New Jersey 2 - Canton 5 |
| BOTTOM OF THE 3RD |
|
Canton Indians batting - Pitching for New Jersey Devils : RHP Jason Jones
|
|
Batting: RHB Carlos Abrego
|
0-0: Ball 1-0: Foul Ball, location: 2F 1-1: Ball 2-1: Ball 3-1: Base on Balls
|
|
Batting: LHB Dave Key
|
0-0: Swinging Strike 0-1: Fielders Choice at 2nd, 4-6 (Groundball, 4, EV 81.9 MPH)
|
|
Batting: LHB Shane Montalvo
|
0-0: Swinging Strike 0-1: Ball 1-1: SINGLE (Groundball, 4MD, EV 103.1 MPH) Dave Key to second
|
|
Batting: RHB Kevin Trull
|
0-0: Ball 1-0: Called Strike 1-1: Ball 2-1: Fly out, F3 (Popup, 3L, EV 60.6 MPH)
|
|
Batting: RHB John Bianconi
|
0-0: Ball 1-0: Called Strike 1-1: Swinging Strike 1-2: Ball 2-2: Foul Ball, location: 2F 2-2: SINGLE (Groundball, 4S, EV 74.4 MPH) (infield hit) Dave Key to third Shane Montalvo to second
|
|
Batting: RHB Eric Kuck
|
0-0: Called Strike 0-1: Foul Ball, location: 2F 0-2: Ball 1-2: Ball 2-2: Ball 3-2: Foul Ball, location: 2F 3-2: SINGLE (Line Drive, 78S, EV 111.9 MPH) Dave Key scores Shane Montalvo to third John Bianconi to second Shane Montalvo scores John Bianconi to third
|
|
Pitching: LHP Joe Edwards
|
|
|
Batting: LHB Rich Walker
|
0-0: Ball 1-0: Called Strike 1-1: Ball 2-1: Ball 3-1: Foul Ball, location: 2F 3-2: Foul Ball, location: 2F 3-2: Fly out, F8 (Flyball, 8LXD, EV 105.6 MPH)
|
| Bottom of the 3rd over - 2 runs, 3 hits, 0 errors, 2 left on base; New Jersey 2 - Canton 7 |
| TOP OF THE 4TH |
|
New Jersey Devils batting - Pitching for Canton Indians : RHP Howard Allen
|
|
Batting: LHB Matt Baker
|
0-0: Ball 1-0: Swinging Strike 1-1: Ball 2-1: Called Strike 2-2: Strikes out swinging
|
|
Batting: RHB Brian Bonin
|
0-0: Called Strike 0-1: Ball 1-1: SINGLE (Groundball, 34D, EV 103.1 MPH)
|
|
Batting: SHB Jerry Burrows
|
0-0: Called Strike 0-1: Ball 1-1: Called Strike 1-2: Strikes out swinging
|
|
Batting: RHB Mike Hanks
|
0-0: Called Strike 0-1: Ball 1-1: Called Strike 1-2: Ball 2-2: Fly out, F9 (Flyball, 89D, EV 89.4 MPH)
|
| Top of the 4th over - 0 runs, 1 hit, 0 errors, 1 left on base; New Jersey 2 - Canton 7 |
| BOTTOM OF THE 4TH |
|
Canton Indians batting - Pitching for New Jersey Devils : LHP Joe Edwards
|
|
Batting: RHB Kenzo Shinoda
|
0-0: Ball 1-0: Ball 2-0: Ground out 1-3 (Groundball, 15S, EV 68.8 MPH)
|
|
Batting: LHB Costodio Varino
|
0-0: Ball 1-0: Ball 2-0: Ball 3-0: Called Strike 3-1: Base on Balls
|
|
Batting: RHB Carlos Abrego
|
0-0: Fly out, F4 (Line Drive, 4, EV 70.0 MPH)
|
|
Batting: LHB Dave Key
|
0-0: Ball 1-0: Called Strike 1-1: Foul Ball, location: 2F 1-2: Fielders Choice at 2nd, 5-4 (Groundball, 56, EV 93.8 MPH)
|
| Bottom of the 4th over - 0 runs, 0 hits, 0 errors, 1 left on base; New Jersey 2 - Canton 7 |
| TOP OF THE 5TH |
|
New Jersey Devils batting - Pitching for Canton Indians : RHP Howard Allen
|
|
Batting: RHB Larry Shoop
|
0-0: Ball 1-0: Fly out, F8 (Flyball, 8RM, EV 75.6 MPH)
|
|
Batting: LHB Bayesa Mundhir
|
0-0: Swinging Strike 0-1: Swinging Strike 0-2: Ball 1-2: Ball 2-2: Foul Ball, location: 2F 2-2: Fly out, F9 (Flyball, 9S, EV 88.8 MPH)
|
|
Batting: RHB Bobby Coulombe
|
0-0: Foul Ball, location: 2F 0-1: Ball 1-1: Ball 2-1: Foul Ball, location: 2F 2-2: Strikes out swinging
|
| Top of the 5th over - 0 runs, 0 hits, 0 errors, 0 left on base; New Jersey 2 - Canton 7 |
| BOTTOM OF THE 5TH |
|
Canton Indians batting - Pitching for New Jersey Devils : LHP Joe Edwards
|
|
Batting: LHB Shane Montalvo
|
0-0: Called Strike 0-1: SINGLE (Line Drive, 34, EV 100.0 MPH)
|
|
Batting: RHB Kevin Trull
|
0-0: Called Strike 0-1: Reached on error, E6 (Groundball, 6, EV 81.3 MPH) Shane Montalvo to second
|
|
Batting: RHB John Bianconi
|
0-0: Fly out, F6 (Line Drive, 6, EV 70.6 MPH)
|
|
Batting: RHB Eric Kuck
|
0-0: Called Strike 0-1: Swinging Strike 0-2: Fielders Choice at 2nd, 3-6 (Groundball, 34, EV 83.1 MPH) Shane Montalvo to third
|
|
Batting: LHB Rich Walker
|
0-0: Called Strike 0-1: Swinging Strike 0-2: Ball 1-2: 3-RUN HOME RUN (Line Drive, 89XD, EV 112.5 MPH), Distance : 443 ft
|
|
Batting: RHB Kenzo Shinoda
|
0-0: Ball 1-0: Foul Ball, location: 2F 1-1: SINGLE (Groundball, 6MD, EV 105.6 MPH)
|
|
Batting: LHB Costodio Varino
|
0-0: Ball 1-0: Swinging Strike 1-1: Ball 2-1: Ball 3-1: Base on Balls Kenzo Shinoda to second
|
|
Batting: RHB Carlos Abrego
|
0-0: Ball 1-0: 3-RUN HOME RUN (Flyball, 8LXD, EV 110.0 MPH), Distance : 445 ft
|
|
Pitching: RHP Jose Lara
|
|
|
Batting: LHB Dave Key
|
0-0: Foul Ball, location: 2F 0-1: Ball 1-1: DOUBLE (Line Drive, 3D, EV 94.4 MPH)
|
|
Batting: LHB Shane Montalvo
|
0-0: Ball 1-0: Swinging Strike 1-1: Ball 2-1: Foul Ball, location: 2F 2-2: Ground out 4-3 (Groundball, 4M, EV 76.3 MPH)
|
| Bottom of the 5th over - 6 runs, 5 hits, 1 error, 1 left on base; New Jersey 2 - Canton 13 |
| TOP OF THE 6TH |
|
New Jersey Devils batting - Pitching for Canton Indians : RHP Howard Allen
|
|
Batting: RHB Gang-sheng Chew
|
0-0: Called Strike 0-1: Ball 1-1: Foul Ball, location: 2F 1-2: Foul Ball, location: 2F 1-2: Strikes out swinging
|
|
Batting: RHB Chris Artz
|
0-0: Called Strike 0-1: Foul Ball, location: 2F 0-2: Foul Ball, location: 2F 0-2: Foul Ball, location: 2F 0-2: Ball 1-2: Foul Ball, location: 2F 1-2: Foul Ball, location: 2F 1-2: Ground out 1-3 (Groundball, 15S, EV 65.6 MPH)
|
|
Batting: LHB Matt Baker
|
0-0: Ball 1-0: Ball 2-0: Ball 3-0: Base on Balls
|
|
Batting: RHB Brian Bonin
|
0-0: Called Strike Matt Baker steals 2nd base (no throw) 0-1: Ball 1-1: DOUBLE (Groundball, 5L, EV 97.5 MPH) Matt Baker scores
|
|
Batting: SHB Jerry Burrows
|
0-0: Ground out 6-3 (Groundball, 6, EV 80.6 MPH)
|
| Top of the 6th over - 1 run, 1 hit, 0 errors, 1 left on base; New Jersey 3 - Canton 13 |
| BOTTOM OF THE 6TH |
|
Canton Indians batting - Pitching for New Jersey Devils : RHP Jose Lara
|
|
Batting: RHB Kevin Trull
|
0-0: Swinging Strike 0-1: Called Strike 0-2: SINGLE (Groundball, 6MD, EV 103.8 MPH)
|
|
Batting: RHB John Bianconi
|
0-0: Ball 1-0: Called Strike 1-1: Ball 2-1: Ball 3-1: Swinging Strike 3-2: Base on Balls Kevin Trull to second
|
|
Batting: RHB Eric Kuck
|
0-0: Swinging Strike 0-1: Ball 1-1: Ball 2-1: Called Strike 2-2: Strikes out swinging
|
|
Batting: LHB Rich Walker
|
0-0: Called Strike 0-1: Ball 1-1: Foul Ball, location: 2F 1-2: Strikes out swinging
|
|
Batting: RHB Kenzo Shinoda
|
0-0: Called Strike 0-1: Ball 1-1: Ball 2-1: Ball 3-1: SINGLE (Groundball, 25, EV 66.9 MPH) (infield hit) Kevin Trull to third John Bianconi to second
|
|
Batting: LHB Costodio Varino
|
0-0: Called Strike 0-1: Foul Ball, location: 2F 0-2: Foul Ball, location: 2F 0-2: GRAND SLAM HOME RUN (Flyball, 7D, EV 95.6 MPH), Distance : 386 ft
|
|
Pitching: LHP Dan Bremseth
|
|
|
Batting: RHB Carlos Abrego
|
0-0: Called Strike 0-1: Ball 1-1: Foul Ball, location: 2F 1-2: Ball 2-2: Fly out, F4 (Flyball, 3D, EV 76.3 MPH)
|
| Bottom of the 6th over - 4 runs, 3 hits, 0 errors, 0 left on base; New Jersey 3 - Canton 17 |
| TOP OF THE 7TH |
|
New Jersey Devils batting - Pitching for Canton Indians : RHP Howard Allen
|
|
Pitching: RHP Terry Sterling
|
|
|
Batting: RHB Mike Hanks
|
0-0: Foul Ball, location: 2F 0-1: Foul Ball, location: 2F 0-2: Ball 1-2: Strikes out swinging
|
|
Batting: RHB Larry Shoop
|
0-0: Fly out, F9 (Flyball, 9, EV 85.6 MPH)
|
|
Batting: LHB Bayesa Mundhir
|
0-0: Called Strike 0-1: Swinging Strike 0-2: SINGLE (Line Drive, 34D, EV 105.0 MPH)
|
|
Batting: RHB Bobby Coulombe
|
0-0: Foul Ball, location: 2F 0-1: Foul Ball, location: 2F 0-2: Fly out, F4 (Popup, 34, EV 75.6 MPH)
|
| Top of the 7th over - 0 runs, 1 hit, 0 errors, 1 left on base; New Jersey 3 - Canton 17 |
| BOTTOM OF THE 7TH |
|
Canton Indians batting - Pitching for New Jersey Devils : LHP Dan Bremseth
|
|
Pinch Hitting: RHB Luke Burnham
|
0-0: Called Strike 0-1: Ball 1-1: Called Strike 1-2: Ball 2-2: Foul Ball, location: 2F 2-2: Ball 3-2: Fly out, F2 (Popup, 15S, EV 91.3 MPH)
|
|
Batting: LHB Shane Montalvo
|
0-0: Called Strike 0-1: Swinging Strike 0-2: Ball 1-2: Strikes out looking
|
|
Batting: RHB Kevin Trull
|
0-0: Ball 1-0: Ball 2-0: Called Strike 2-1: Ball 3-1: Called Strike 3-2: Foul Ball, location: 2F 3-2: Foul Ball, location: 2F 3-2: Base on Balls
|
|
Pinch Hitting: RHB Steve Gusman
|
0-0: Foul Ball, location: 2F 0-1: Ground out U3 (Groundball, 34, EV 86.9 MPH)
|
| Bottom of the 7th over - 0 runs, 0 hits, 0 errors, 1 left on base; New Jersey 3 - Canton 17 |
| TOP OF THE 8TH |
|
New Jersey Devils batting - Pitching for Canton Indians : RHP Terry Sterling
|
|
Now at 2B: Steve Gusman
|
|
|
Now at 3B: Luke Burnham
|
|
|
Batting: RHB Gang-sheng Chew
|
0-0: Ball 1-0: Swinging Strike 1-1: Called Strike 1-2: Ball 2-2: Strikes out swinging
|
|
Pinch Hitting: LHB Jeremy Moorehead
|
0-0: Ball 1-0: Ball 2-0: Ball 3-0: Base on Balls
|
|
Batting: LHB Matt Baker
|
0-0: Ball 1-0: Called Strike 1-1: Fielders Choice at 2nd, 4-6 (Groundball, 4, EV 87.5 MPH)
|
|
Batting: RHB Brian Bonin
|
0-0: Called Strike 0-1: Ball 1-1: Called Strike 1-2: Ball 2-2: Strikes out swinging
|
| Top of the 8th over - 0 runs, 0 hits, 0 errors, 1 left on base; New Jersey 3 - Canton 17 |
| BOTTOM OF THE 8TH |
|
Canton Indians batting - Pitching for New Jersey Devils : LHP Dan Bremseth
|
|
Now in LF: Alex Cavazos
|
|
|
Batting: RHB Eric Kuck
|
0-0: Called Strike 0-1: Ball 1-1: Ball 2-1: Called Strike 2-2: Foul Ball, location: 2F 2-2: Foul Ball, location: 2F 2-2: Ball 3-2: Fly out, F3 (Line Drive, 3, EV 71.3 MPH)
|
|
Batting: LHB Rich Walker
|
0-0: DOUBLE (Flyball, 8RXD, EV 106.9 MPH)
|
|
Pitching: RHP Jason Caruso
|
|
|
Batting: RHB Kenzo Shinoda
|
0-0: Fly out, F8 (Flyball, 8RD, EV 103.1 MPH)
|
|
Batting: LHB Costodio Varino
|
0-0: Ball 1-0: Ball 2-0: Ball 3-0: Called Strike 3-1: Base on Balls
|
|
Batting: RHB Carlos Abrego
|
0-0: Ball 1-0: Ball 2-0: Foul Ball, location: 2F 2-1: Fly out, F3 (Popup, 3F, EV 74.4 MPH)
|
| Bottom of the 8th over - 0 runs, 1 hit, 0 errors, 2 left on base; New Jersey 3 - Canton 17 |
| TOP OF THE 9TH |
|
New Jersey Devils batting - Pitching for Canton Indians : RHP Terry Sterling
|
|
Batting: SHB Jerry Burrows
|
0-0: Ball 1-0: Foul Ball, location: 2F 1-1: Foul Ball, location: 2F 1-2: Ball 2-2: Strikes out looking
|
|
Pinch Hitting: SHB Justin Wallace
|
0-0: Ball 1-0: Called Strike 1-1: Called Strike 1-2: Ball 2-2: Foul Ball, location: 2F 2-2: Strikes out swinging
|
|
Batting: RHB Larry Shoop
|
0-0: Called Strike 0-1: Ball 1-1: Ball 2-1: Ball 3-1: Foul Ball, location: 2F 3-2: Foul Ball, location: 2F 3-2: Foul Ball, location: 2F 3-2: Reached on error, E3 (Groundball, 34, EV 101.9 MPH)
|
|
Pitching: RHP Chris Cohen
|
|
|
Batting: LHB Bayesa Mundhir
|
0-0: Ball 1-0: Called Strike 1-1: Ball 2-1: Ball 3-1: Fly out, F6 (Popup, 6M, EV 55.0 MPH)
|
| Top of the 9th over - 0 runs, 0 hits, 1 error, 1 left on base; New Jersey 3 - Canton 17 |
|